 Dungeon Crawl Stone Soup version 0.29-a0-775-g4d7333d4e2 (webtiles) character file.

Game seed: 7506105660353394085

18995 bjtr the Skirmisher (level 12, -1/58 HPs)
             Began as a Spriggan Arcane Marksman on June 30, 2022.
             Was an Elder of Elyvilon.
             Killed by an exploding manticore (35 damage)
             ... ignited by their inner flame
             ... on level 13 of the Dungeon on July 2, 2022.
             The game lasted 02:04:32 (21400 turns).

bjtr the Skirmisher (Spriggan Arcane Marksman)     Turns: 21400, Time: 02:04:33

Health: -1/58      AC: 18    Str:  6    XL:     12   Next: 32%
Magic:  24/26      EV: 25    Int: 15    God:    Elyvilon [****..]
Gold:   763        SH:  7    Dex: 20    Spells: 7/30 levels left

rFire   . . .      SeeInvis +   b - +3 long sword
rCold   . . .      Faith    .   e - +0 buckler
rNeg    . . .      Spirit   .   L - +5 steam dragon scales
rPois   .          Reflect  .   c - +2 hat {Will+}
rElec   .          Harm     .   J - +1 cloak
rCorr   .          Rampage  .   (gloves unavailable)
Will    +++..                   (boots unavailable)
Stlth   +++.......              (no amulet)
HPRegen 0.19/turn               W - ring of wizardry
MPRegen 0.20/turn               j - +4 ring of protection

@: very quick
A: very small, no large weapons, unfitting armour, see invisible, speed 3
a: Renounce Religion, Purification, Heal Other, Heal Self


You were on level 13 of the Dungeon.
You worshipped Elyvilon.
Elyvilon was greatly pleased with you.
You visited 2 branches of the dungeon, and saw 14 of its levels.
You also visited: Sewer.

You collected 763 gold pieces.

Inventory:

Hand Weapons
 a - a +1 sling
 b - a +3 long sword (weapon)
 N - a +4 dagger of venom
 Q - a +0 scimitar
 S - a +5 short sword
 Y - a +0 arbalest
Missiles
 m - 6 poisoned darts
 u - 3 boomerangs of dispersal
 y - 16 curare-tipped darts
Armour
 c - a +2 hat of willpower (worn)
 e - a +0 buckler (worn)
 J - a +1 cloak (worn)
 L - +5 steam dragon scales (worn)
Jewellery
 d - a ring of protection from cold
 f - a ring of protection from fire
 j - a +4 ring of protection (right hand)
 q - a ring of protection from fire
 w - a ring of positive energy
 z - a ring of fire
 E - a ring of protection from cold
 W - a ring of wizardry (left hand)
Wands
 i - a wand of iceblast (5)
 A - a wand of digging (17)
 K - a wand of quicksilver (14)
 O - a wand of charming (5)
 P - a wand of mindburst (7)
 V - a wand of flame (15)
Scrolls
 l - 2 scrolls of teleportation
 t - 5 scrolls of vulnerability
 v - 3 scrolls of fog
 C - 2 scrolls of fear
 D - a scroll of summoning
 H - 3 scrolls of poison
 X - 3 scrolls of immolation
Potions
 g - 3 potions of mutation
 h - 3 potions of might
 k - 3 potions of heal wounds
 n - a potion of resistance
 o - 11 potions of curing
 s - 4 potions of lignification
 x - a potion of ambrosia
 G - 2 potions of flight
 I - a potion of attraction
 M - a potion of magic
 T - a potion of invisibility
 Z - a potion of haste {unknown}
Miscellaneous
 p - a phial of floods


   Skills:
 + Level 4.5 Fighting
 * Level 12.7 Ranged Weapons
 * Level 10.7 Dodging
 - Level 3.4 Stealth
 * Level 3.1 Shields
 + Level 9.5 Spellcasting
 * Level 12.6 Hexes
 + Level 1.1 Translocations
 + Level 4.4 Fire Magic
 + Level 0.4 Evocations


You had 7 spell levels left.
You knew the following spells:

 Your Spells              Type           Power      Damage    Failure   Level
a - Slow                  Hex            100%       N/A       1%          1
b - Inner Flame           Hex/Fire       32%        N/A       1%          3
c - Portal Projectile     Hex/Tloc       54%        N/A       1%          3
d - Cause Fear            Hex            22%        N/A       1%          4
e - Tukima's Dance        Hex            45%        N/A       1%          3
f - Ensorcelled Hibernat  Hex/Ice        52%        N/A       1%          2
g - Leda's Liquefaction   Hex/Erth       13%        N/A       6%          4
h - Ignite Poison         Fire/Tmut/Pois 11%        N/A       13%         3

Your spell library contained the following spells:

 Spells                   Type           Power      Damage    Failure   Level
 Conjure Flame            Conj/Fire      13%        6-21      10%         3
 Silence                  Hex/Air        13%        N/A       16%         5
 Stone Arrow              Conj/Erth      14%        3d7       24%         3
 Sticky Flame             Conj/Fire      13%        2d4       32%         4
 Spellforged Servitor     Conj/Summ      3%         N/A       100%        7


Dungeon Overview and Level Annotations

Branches:
Dungeon (13/15)            Temple (1/1) D:7            Lair (0/6) D:8
    Orc (0/2) D:10          Sewer (visited)
 Vaults: D:13-14

Altars:
Ashenzari
Cheibriados
Dithmenos
Elyvilon
Fedhas
Gozag
Hepliaklqana
Kikubaaqudgha
Makhleb
Nemelex Xobeh
Okawaru
Qazlal
Ru
Sif Muna
Trog
Uskayaw
Vehumet
Wu Jian
Xom
Yredelemnul
Zin
The Shining One

Shops:
D:6 (!   D:7 :


Innate Abilities, Weirdness & Mutations

You are very small and have problems with some larger weapons.
You are too small for most types of armour.
You have supernaturally acute eyesight. (SInv)
You cover ground extremely quickly. (Speed+++)


Message History

There is a stone staircase leading up here.
There is a stone staircase leading down here.
You climb downwards.
Found a scroll of amnesia.
There is a stone staircase leading up here.
Casting: Tukima's Dance (safe; 1% risk of failure)
Confirm with . or Enter, or press ? or * to list all spells.
Aiming: Inner Flame (safe; 1% risk of failure)
Press: ? - help, Dir - move target, f - manticore
Aim: a manticore (asleep, chance to affect: 73%)
The manticore is filled with an inner flame.
Fire: a) +1 sling
Press: ? - help, Shift-Dir - straight line, f/p - manticore
Aim: a manticore (inner flame)
You shoot a sling bullet.
The sling bullet closely misses the manticore.
b - a +3 long sword (weapon)
The manticore bites you!
The manticore claws you but does no damage.
You block the manticore's attack.
You hit the manticore.
Flame seeps out of the manticore.
The manticore is lightly wounded.
The manticore is engulfed in blazing flames.
Flame seeps out of the manticore.
The manticore closely misses you. The manticore completely misses you.
You block the manticore's attack.
You hit the manticore.
Flame seeps out of the manticore.
The manticore is heavily wounded.
The manticore is engulfed in blazing flames.
Flame seeps out of the manticore.
The manticore bites you! The manticore misses you.
The manticore closely misses you.
The manticore is engulfed in blazing flames.
Flame seeps out of the manticore.
The manticore closely misses you. You block the manticore's attack.
The manticore barely misses you.
You hit the manticore.
Flame seeps out of the manticore.
The manticore is almost dead.
The manticore is engulfed in blazing flames.
The manticore explodes!
The fiery explosion engulfs you!!
Ouch! That really hurt!
You die...

#...........
#...........
#...........
#...........
#...........
#...........
##+#...§.§.....
.......@○..#
.......§.§?#
..####+#...#
...# #..# ..#
..# ..+ ..#
#..##


There were no monsters in sight!

Vanquished Creatures
  A hydra (D:11)
  A boulder beetle (D:11)
  4 two-headed ogres
  3 skeletal warriors (D:12)
  2 cyclopes (D:12)
  2 manticores
  Maurice (D:8)
  A gargoyle (D:9)
  An unseen horror (D:12)
  3 unseen horror zombies (D:8)
  Maggie (D:9)
  2 trolls
  Prince Ribbit (D:9)
  Sigmund (D:4)
  A shadow (D:12)
  A vampire (D:10)
  A wyvern (D:11)
  3 wraiths
  10 yaks
  A steam dragon (D:9)
  8 vampire mosquitoes
  4 acid dragons
  7 water moccasins
  5 orc warriors
  Pargi (Sewer)
  A hornet zombie (D:8)
  5 black bears
  A sky beast (D:7)
  2 ogres (D:10)
  4 centaurs
  A phantom (D:6)
  Blork the orc (D:4)
  A kobold brigand (D:8)
  5 bullfrogs
  3 scorpions (D:6)
  2 wyvern zombies (D:8)
  24 wights
  6 killer bees (D:9)
  2 howler monkeys
  2 centaur zombies (D:8)
  6 jellies
  5 orc priests
  5 hounds
  A bouda (D:6)
  5 iguanas
  Ijyb (D:5)
  13 orc wizards
  A killer bee zombie (D:8)
  A howler monkey zombie (D:8)
  6 adders
  5 gnolls (D:6)
  2 shadow imps
  3 worms
  A dart slug (D:3)
  34 orcs
  7 endoplasms
  3 giant cockroaches
  5 goblins
  5 hobgoblins
  9 kobolds
  5 quokkas
  4 ball pythons
  2 bats
  3 frilled lizards
  3 rats
261 creatures vanquished.

Vanquished Creatures (others)
  52 fungi (D:8)
  52 plants (D:8)
  17 withered plants (D:8)
121 creatures vanquished.

Grand Total: 382 creatures vanquished

Notes
Turn   | Place    | Note
-------+----------+-------------------------------------------
     0 | D:1      | bjtr the Spriggan Arcane Marksman began the quest for the
                  | Orb.
     0 | D:1      | Reached XP level 1. HP: 9/9 MP: 3/3
   647 | D:1      | Reached XP level 2. HP: 14/14 MP: 3/5
  1312 | D:2      | Reached XP level 3. HP: 17/17 MP: 6/6
  1807 | D:3      | Learned a level 3 spell: Inner Flame
  1838 | D:3      | Noticed a wight
  1838 | D:3      | Noticed a wight
  2032 | D:3      | Noticed a wight
  2032 | D:3      | Noticed a wight
  2077 | D:3      | Killed a wight
  2078 | D:3      | Reached skill level 1 in Fighting
  2078 | D:3      | Reached XP level 4. HP: 15/22 MP: 4/8
  2237 | D:3      | Reached XP level 5. HP: 26/26 MP: 6/9
  2287 | D:3      | Found a faded altar of an unknown god.
  2706 | D:3      | Reached skill level 5 in Ranged Weapons
  2878 | D:3      | Reached XP level 6. HP: 30/30 MP: 6/11
  3211 | D:3      | Reached skill level 1 in Stealth
  3315 | D:3      | Learned a level 3 spell: Portal Projectile
  3320 | D:3      | Learned a level 4 spell: Cause Fear
  3392 | D:4      | Noticed Blork the orc
  3415 | D:4      | Killed Blork the orc
  3416 | D:4      | Reached skill level 5 in Hexes
  4407 | D:4      | Noticed Sigmund
  4429 | D:4      | Killed Sigmund
  4430 | D:4      | Reached XP level 7. HP: 35/35 MP: 5/13
  4544 | D:5      | Entered Level 5 of the Dungeon
  5146 | D:5      | Reached skill level 1 in Fire Magic
  5243 | D:5      | Reached XP level 8. HP: 39/39 MP: 15/15
  5274 | D:5      | Noticed Ijyb
  5293 | D:5      | Killed Ijyb
  5809 | D:5      | Found a shadowy altar of Dithmenos.
  5809 | D:5      | Found an ornate altar of the Wu Jian Council.
  5812 | D:5      | Found a sparkling altar of Nemelex Xobeh.
  5813 | D:5      | Found an opulent altar of Gozag.
  6433 | D:6      | Identified the +5 tower shield of Proximity {rN+ Int+4
                  | Dex+3 Stlth+}
  6478 | D:6      | Found a glowing drain.
  6483 | Sewer    | Entered a sewer
  6727 | Sewer    | Noticed Pargi
  6744 | Sewer    | Killed Pargi
  6745 | Sewer    | Reached skill level 5 in Dodging
  6883 | Sewer    | Identified the +5 chain mail of Valour {Drain rF+ Regen+
                  | Slay+6}
  7440 | D:6      | Reached skill level 5 in Spellcasting
  7787 | D:6      | Found Noepsu's Distillery.
  7813 | D:6      | Reached XP level 9. HP: 43/43 MP: 13/17
  8042 | D:6      | Found Zanoafup's Antique Weapon Shop.
  8421 | D:7      | Found a burning altar of Makhleb.
  8738 | D:7      | Found a hide-covered altar of Uskayaw.
  9042 | D:7      | Found Pota's Book Boutique.
  9345 | D:7      | Found a staircase to the Ecumenical Temple.
  9354 | Temple   | Entered the Ecumenical Temple
  9359 | Temple   | Became a worshipper of Elyvilon the Healer
 10292 | D:8      | Reached XP level 10. HP: 37/48 MP: 2/20
 10293 | D:8      | Reached skill level 10 in Ranged Weapons
 10838 | D:8      | Reached skill level 10 in Hexes
 11309 | D:8      | Found a staircase to the Lair.
 12138 | D:8      | Reached * piety under Elyvilon
 12569 | D:8      | Noticed Maurice
 12590 | D:8      | Killed Maurice
 12914 | D:8      | Identified a scroll of acquirement
 12914 | D:8      | Acquired the Papyrus of Excruciating Bewitchment
 13020 | D:8      | Learned a level 3 spell: Tukima's Dance
 13023 | D:8      | Learned a level 2 spell: Ensorcelled Hibernation
 13271 | D:9      | Learned a level 4 spell: Leda's Liquefaction
 13676 | D:9      | Noticed a two-headed ogre
 13690 | D:9      | Killed a two-headed ogre
 13691 | D:9      | Reached XP level 11. HP: 52/52 MP: 15/23
 13697 | D:9      | Noticed Prince Ribbit
 13719 | D:9      | Killed Prince Ribbit
 14014 | D:9      | Reached ** piety under Elyvilon
 14186 | D:9      | Noticed Maggie
 14196 | D:9      | Killed Maggie
 14197 | D:9      | Reached skill level 1 in Shields
 14531 | D:10     | Entered Level 10 of the Dungeon
 15018 | D:10     | Found a staircase to the Orcish Mines.
 15735 | D:10     | Noticed a two-headed ogre
 15758 | D:10     | Killed a two-headed ogre
 15759 | D:10     | Reached skill level 1 in Translocations
 15904 | D:10     | Learned a level 3 spell: Ignite Poison
 16092 | D:10     | Reached *** piety under Elyvilon
 16716 | D:10     | Upgraded the game from 0.29-a0-757-g358383bc75 to
                  | 0.29-a0-775-g4d7333d4e2
 17150 | D:11     | Reached skill level 10 in Dodging
 17363 | D:11     | Noticed a six-headed hydra
 17413 | D:11     | Killed a six-headed hydra
 17496 | D:11     | Noticed a boulder beetle
 17575 | D:11     | Killed a boulder beetle
 18540 | D:11     | Noticed a two-headed ogre
 18554 | D:11     | Killed a two-headed ogre
 19031 | D:12     | Noticed a skeletal warrior
 19031 | D:12     | Noticed a skeletal warrior
 19494 | D:12     | Noticed a two-headed ogre
 19583 | D:11     | Reached XP level 12. HP: 58/58 MP: 26/26
 20099 | D:12     | Killed a two-headed ogre
 20389 | D:12     | Reached **** piety under Elyvilon
 21100 | D:13     | Noticed a centaur warrior
 21400 | D:13     | Killed by an exploding manticore... ignited by their inner
                  | flame

Illustrated notes

Levels and vault maps discovered:
D:1:      matt_arrival_grand_opening, layout_loops_corners
D:2:      layout_rooms
D:3:      layout_loops_ring, basic_ecumenical_altar, minmay_misc_feat_alley
D:4:      layout_basic, uniq_sigmund, uniq_blork_the_orc
D:5:      layout_gridville, minitemple, grunt_ministairs_10, uniq_ijyb
D:6:      kennysheep_six_static_rooms, layout_gridville, portal_sewer_entry_e,
          serial_shops, nicolae_shop_advertising_works
          [nicolae_subvault_shop_adworks], shop_statue,
          nicolae_concentric_dashed_squares_wild
D:7:      layout_basic, makhleb_blood_cavern_becter,
          eat_drink_and_be_merry_uskayaw, minmay_temple_entry_fiery,
          serial_shops, nicolae_lakefront_shop, chequers_avenue,
          grunt_ministairs_13, nicolae_figureground_sparkle
D:8:      layout_loops_corners, due_lair_maze_entry_diamond, serial_undead,
          serial_undead_b, serial_undead_b, serial_undead_b, serial_undead_b,
          serial_undead_c, serial_undead_c, serial_undead_b, serial_undead_e,
          uniq_maurice
D:9:      layout_basic, uniq_prince_ribbit1, uniq_maggie
D:10:     layout_long_grid, erik_orc_3
D:11:     layout_loops_ring
D:12:     layout_long_grid
D:13:     layout_irregular_city
Temple:   compressed_dpeg_triangle_lava_temple

Skill      XL: |  1  2  3  4  5  6  7  8  9 10 11 12 |
---------------+-------------------------------------+-----
Hexes          | 4 5 6 7 9 11 12 | 12.6
Ranged Weapons | 3 4 5 6 7 8 9 10 12 | 12.7
Fighting       | 1 2 3 4 |  4.5
Spellcasting   | 2 3 4 5 6 7 9 |  9.5
Stealth        | 1 2 3 |  3.4
Dodging        | 3 4 6 8 9 10 | 10.7
Fire Magic     | 1 2 3 4 |  4.4
Shields        | 2 3 |  3.1
Translocations | 1 |  1.1
Evocations     | |  0.4

Action                   |  1- 3 |  4- 6 |  7- 9 | 10-12 || total
-------------------------+-------+-------+-------+-------++-------
Melee: Long sword        |       |     3 |    39 |    48 ||    90
       Dagger            |       |       |     2 |       ||     2
 Fire: Sling             |   156 |   112 |   269 |   540 ||  1077
       Arbalest          |       |       |       |     8 ||     8
 Cast: Slow              |    33 |    29 |    45 |   101 ||   208
       Inner Flame       |       |    14 |    55 |   111 ||   180
       Portal Projectile |       |     1 |     3 |     5 ||     9
       Tukima's Dance    |       |       |       |     1 ||     1
Evoke: Wand              |       |       |     1 |     8 ||     9
  Use: Scroll            |     8 |     3 |     8 |    15 ||    34
       Potion            |       |       |       |     4 ||     4
 Stab: Sleeping          |       |       |     2 |       ||     2
Armor: Robe              |     4 |     4 |    31 |    11 ||    50
       Steam dragon scal |       |       |       |    27 ||    27
Dodge: Dodged            |    29 |     6 |   108 |   193 ||   336
Block: Buckler           |       |       |    19 |    63 ||    82

Table legend: (Time is in decaauts)
 A = Elapsed time spent in this place.
 B = Non-inter-level travel time spent in this place.
 C = Inter-level travel time spent in this place.
 D = Time resting spent in this place.
 E = Time spent auto-exploring this place.
 F = Levels seen in this place.
 G = Mean time per level.
                   A        B        C        D        E       F      G
               +--------+--------+--------+--------+--------+-----+--------+
         Total |  17115 |  16582 |    533 |   7388 |   5783 |  15 | 1141.0 |
       Dungeon |  16465 |  15945 |    520 |   7085 |   5594 |  13 | 1266.5 |
        Temple |    202 |    190 |     12 |      0 |    170 |   1 |  202.0 |
         Sewer |    447 |    447 |      0 |    303 |     18 |   1 |  447.0 |
               +--------+--------+--------+--------+--------+-----+--------+

Top non-repeatable levels by time:
     D:8: 3084 daAuts
    D:11: 1802 daAuts
    D:10: 1792 daAuts
    D:12: 1622 daAuts
     D:5: 1508 daAuts
     D:3: 1245 daAuts
     D:6: 1079 daAuts
     D:9: 1035 daAuts
     D:7: 1033 daAuts
     D:4: 872 daAuts
     D:1: 720 daAuts
     D:2: 577 daAuts
   Sewer: 447 daAuts
  Temple: 202 daAuts
    D:13: 90 daAuts
